 Dungeon Crawl Stone Soup version 0.24.0-29-g8ce449bc06 (webtiles) character file.

Game seed: 5783481914989157196, levelgen mode: deterministic

896 Johnny the Slasher (level 7, -5/66 HPs)
             Began as a Troll Berserker on Nov 16, 2019.
             Was a Priest of Trog.
             Splashed by a jelly's acid (6 damage)
             ... on level 6 of the Dungeon.
             The game lasted 00:04:57 (4311 turns).

Johnny the Slasher (Troll Berserker)                Turns: 4311, Time: 00:04:58

Health: -5/66      AC: -2    Str: 28    XL:     7   Next: 79%
Magic:  0/6        EV: 11    Int:  3    God:    Trog [***...]
Gold:   399        SH:  0    Dex:  9    Spells: 6/6 levels left

rFire    + . .     SeeInvis .   D - +1 rapier (drain)
rCold    + . .     Gourm    +   (no shield)
rNeg     . . .     Faith    .   b - +0 animal skin
rPois    .         Spirit   +   (helmet restricted)
rElec    .         Reflect  .   y - scarf {rC+ rF+}
rCorr    .         Harm     .   (gloves unavailable)
MR       .....                  (boots unavailable)
Stlth    +.........             s - amulet of guardian spirit
HPRegen  0.61/turn              (no ring)
MPRegen  0.10/turn              (no ring)

@: corroded, berserk cooldown, slowed, very slow
A: large, unfitting armour, claws 3, fast metabolism 3, gourmand, regeneration
1, shaggy fur 1, tough skin 3
a: Berserk, Trog's Hand, Renounce Religion


You were on level 6 of the Dungeon.
You worshipped Trog.
Trog was most pleased with you.
You were not hungry.

You visited 1 branch of the dungeon, and saw 6 of its levels.

You collected 399 gold pieces.

Inventory:

Hand Weapons
 a - a +0 falchion
 o - a cursed -2 dagger
 D - a +1 rapier of draining (weapon)
Missiles
 C - 2 throwing nets (quivered)
Armour
 b - a +0 animal skin (worn)
 y - a scarf of resistance (worn)
Jewellery
 s - an amulet of guardian spirit (around neck)
 v - a cursed amulet of inaccuracy {unknown}
 w - an uncursed amulet of harm {unknown}
 G - an uncursed amulet of guardian spirit
 H - an uncursed ring of positive energy {unknown}
Wands
 q - a wand of clouds (4)
 u - a wand of flame (4)
 E - a wand of polymorph (8)
Scrolls
 e - 4 scrolls of identify {unknown}
 g - 4 scrolls of fog {unknown}
 k - 7 scrolls of enchant armour {unknown}
 l - 9 scrolls of remove curse {unknown}
 m - a scroll of fear {unknown}
 p - 4 scrolls of random uselessness {unknown}
 r - 2 scrolls of magic mapping {unknown}
 t - 2 scrolls of teleportation {unknown}
 x - a scroll of amnesia {unknown}
Potions
 d - a potion of might {unknown}
 f - a potion of lignification {unknown}
 h - a potion of flight {unknown}
 i - 2 potions of haste {unknown}
 j - 2 potions of cancellation {unknown}
 n - a potion of mutation {unknown}
 z - a potion of berserk rage {unknown}
 A - a potion of resistance
 B - 2 potions of brilliance {unknown}
 F - a potion of degeneration {unknown}
Comestibles
 c - 15 rations


   Skills:
 - Level 2.4 Fighting
 * Level 6.6 Long Blades
 + Level 4.9 Dodging


You had 6 spell levels left.
You didn't know any spells.
Your spell library contained the following spells:

 Spells                   Type           Power        Failure   Level  Hunger
 Confusing Touch          Hex            #.....       52%         1    ##.....
 Confuse                  Hex            #.......     88%         3    ####...
 Gell's Gravitas          Tloc           #.........   88%         3    ####...
 Petrify                  Tmut/Erth      #.......     99%         4    #####..
 Metabolic Englaciation   Hex/Ice        #.........   100%        5    ######.
 Yara's Violent Unravell  Hex/Tmut       #.........   100%        5    ######.


Dungeon Overview and Level Annotations

Branches:
Dungeon (6/15)             Temple (0/1) D:4

Altars:
Ashenzari
Elyvilon
Okawaru

Shops:
D:4 }


Innate Abilities, Weirdness & Mutations

You are too large for most types of armour.
You have claws for hands.
Your metabolism is lightning-fast.
You like to eat raw meat.
Your natural rate of healing is unusually fast.
You are covered in fur. (AC +1)
You have extremely tough skin. (AC +3)


Message History

You are too injured to fight recklessly!
You're still recovering from your berserk rage.
You hit the jelly.
Your claws burn!
The jelly is lightly wounded.
The jelly completely misses you. The jelly hits you.
You are splashed with acid!
* * * LOW HITPOINT WARNING * * *
You barely miss the jelly.
The jelly is lightly wounded.
The jelly hits you.
* * * LOW HITPOINT WARNING * * *
You are splashed with acid!
* * * LOW HITPOINT WARNING * * *
You hit the jelly. You drain the jelly.
Your claws burn!
* * * LOW HITPOINT WARNING * * *
The jelly is heavily wounded.
The jelly hits you.
* * * LOW HITPOINT WARNING * * *
You are splashed with acid.
You die...

## ###.
###...##
###......#
#.#.......J##
#.........@.#
#..........##
#.....⌠....?#
#..........##..
#.............#
##........#####
#......###
##...### #.###


You could see a jelly.

Vanquished Creatures
  Prince Ribbit (D:5)
  A fire bat (D:4)
  Menkaure (D:5)
  A scorpion (D:4)
  A crimson imp (D:5)
  2 centaur zombies
  An orc wizard (D:4)
  A bullfrog skeleton (D:6)
  A jelly (D:5)
  An iguana (D:6)
  A hound zombie (D:4)
  A howler monkey zombie (D:6)
  Robin (D:3)
  3 adders
  An adder skeleton (D:4)
  3 dart slugs
  3 leopard geckos
  6 orcs
  2 ball pythons
  9 bats
  5 giant cockroaches
  9 hobgoblins
  7 jackals (D:3)
  A quokka (D:5)
  3 frilled lizards
  17 goblins
  12 kobolds
  A leopard gecko skeleton (D:5)
  13 rats
109 creatures vanquished.

Notes
Turn   | Place    | Note
-------+----------+-------------------------------------------
     0 | D:1      | Johnny the Troll Berserker began the quest for the Orb.
     0 | D:1      | Reached XP level 1. HP: 22/22 MP: 0/0
     2 | D:1      | Noticed a gargoyle
     5 | D:1      | Noticed a human
     5 | D:1      | Noticed a demonspawn
     7 | D:1      | Noticed a tengu
     7 | D:1      | Noticed a vine stalker
     9 | D:1      | Noticed an ogre
     9 | D:1      | Noticed a vampire
    11 | D:1      | Noticed an octopode
    11 | D:1      | Noticed a draconian
    13 | D:1      | Noticed an elf
    13 | D:1      | Noticed a minotaur
    15 | D:1      | Noticed a felid
    15 | D:1      | Noticed a ghoul
    19 | D:1      | Noticed a naga
    21 | D:1      | Noticed a spriggan
    21 | D:1      | Noticed a demigod
    23 | D:1      | Noticed a formicid
    23 | D:1      | Noticed a troll
    26 | D:1      | Noticed a halfling
    26 | D:1      | Noticed a dwarf
    28 | D:1      | Noticed a merfolk
    28 | D:1      | Noticed a centaur
   254 | D:1      | Reached XP level 2. HP: 29/29 MP: 1/1
   457 | D:1      | Reached skill level 3 in Long Blades
   743 | D:1      | Reached XP level 3. HP: 36/36 MP: 2/2
  1028 | D:2      | Found a white marble altar of Elyvilon.
  1035 | D:2      | Found an iron altar of Okawaru.
  1068 | D:2      | Reached ** piety under Trog
  1679 | D:2      | Reached XP level 4. HP: 44/44 MP: 3/3
  2070 | D:3      | Found a faded altar of an unknown god.
  2146 | D:3      | Reached *** piety under Trog
  2319 | D:3      | Noticed Robin
  2337 | D:3      | Reached skill level 4 in Long Blades
  2346 | D:3      | Killed Robin
  2521 | D:4      | Noticed a fire bat
  2522 | D:4      | Found a transporter.
  2619 | D:4      | Found a shattered altar of Ashenzari.
  2684 | D:4      | Found a transporter.
  2714 | D:4      | Found a staircase to the Ecumenical Temple.
  2752 | D:4      | Found Daeperob's Gadget Boutique.
  2778 | D:4      | Reached XP level 5. HP: 31/50 MP: 4/4
  3274 | D:4      | Reached XP level 6. HP: 59/59 MP: 5/5
  3397 | D:4      | Killed a fire bat
  3397 | D:4      | Reached skill level 5 in Long Blades
  3482 | D:5      | Entered Level 5 of the Dungeon
  3783 | D:5      | Noticed Prince Ribbit
  3796 | D:5      | Killed Prince Ribbit
  3796 | D:5      | Reached skill level 6 in Long Blades
  3796 | D:5      | Reached XP level 7. HP: 51/66 MP: 6/6
  3831 | D:5      | Noticed Menkaure
  3835 | D:5      | Killed Menkaure
  4311 | D:6      | HP: 2/66 [acid (2)]
  4311 | D:6      | Splashed by a jelly's acid

Levels and vault maps discovered:
D:1:      kb_arrival_jail, layout_basic, kennysheep_pointless_box
D:2:      layout_basic, lemuel_crystal_altar, first_ration, elyvilon_altar_4
D:3:      layout_loops_cross, chequers_ecumenical_altar_grove,
          grunt_decor_one_mirror, uniq_robin
D:4:      gammafunk_cloud_chamber, layout_basic, marbit_many_paths,
          minmay_temple_entry_from_below_a, serial_shops, shop
D:5:      layout_basic, uniq_menkaure, uniq_prince_ribbit1
D:6:      minmay_skewed_foursquare, layout_basic, old_standard_altar,
          kennysheep_little_box, hangedman_feature_mirror, xom_redecorated

Skill      XL: |  1  2  3  4  5  6 |
---------------+-------------------+-----
Long Blades    | 3 4 6 |  6.6
Dodging        | 3 4 |  4.9
Fighting       | |  2.4

Action                   |  1- 3 |  4- 6 |  7- 9 || total
-------------------------+-------+-------+-------++-------
Melee: Falchion          |   129 |   210 |       ||   339
       Rapier            |       |     9 |    26 ||    35
Invok: Berserk           |       |     4 |     2 ||     6
 Stab: Sleeping          |     2 |       |       ||     2
  Eat: Chunk             |    14 |    23 |     6 ||    43
Armor: Animal skin       |    62 |    68 |     7 ||   137
Dodge: Dodged            |    76 |   124 |    21 ||   221
       Rpst.: Falchion   |    33 |    41 |       ||    74
